 Dungeon Crawl Stone Soup version 0.30-a0-390-g80c34de65d (webtiles) character file.

Game seed: 11545721887247968353

58175 qeuew the Severer (level 14, -9/111 HPs)
             Began as a Hill Orc Fighter on Dec 5, 2022.
             Was the Champion of Lugonu.
             Mangled by a shock serpent (11 damage)
             ... on level 1 of the Snake Pit.
             The game lasted 00:32:11 (19936 turns).

qeuew the Severer (Hill Orc Fighter)               Turns: 19936, Time: 00:32:12

Health: -9/111     AC: 29    Str: 31    XL:     14   Next: 89%
Magic:  25/25      EV: 10    Int: 10    God:    Lugonu [******]
Gold:   5          SH:  6    Dex: 12    Spells: 13/13 levels left

rFire   + + +      SeeInvis .    a - +1 war axe (venom)
rCold   + . .      Faith    .    c - +0 buckler
rNeg    . . .      Spirit   .    I - +8 plate armour of Wucaar {Str+3 Int+2}
rPois   +          Reflect  .    n - +2 helmet
rElec   .          Harm     .    r - +2 cloak {rCorr}
rCorr   +          Rampage  .    (no gloves)
Will    +....                    (no boots)
Stlth   ..........               D - amulet of Fit Xuus {rF+ rC+ Regen+ Stlth-}
HPRegen 1.18/turn                A - +6 ring of strength
MPRegen 0.19/turn                o - ring of poison resistance

@: no status effects
A: fire resistance 2, frail 1
a: Renounce Religion, Depart the Abyss, Banish, Corrupt, Enter the Abyss, Brand
Weapon With Distortion


You were on level 1 of the Snake Pit.
You worshipped Lugonu.
Lugonu was exalted by your worship.
You visited 3 branches of the dungeon, and saw 17 of its levels.

You collected 1212 gold pieces.
You spent 1207 gold pieces at shops.

Inventory:

Hand Weapons
 a - a +1 war axe of venom (weapon)
Missiles
 b - 2 throwing nets (quivered)
Armour
 c - a +0 buckler (worn)
 n - a +2 helmet (worn)
 r - a +2 cloak of preservation (worn)
 I - the +8 plate armour of Wucaar (worn) {Str+3 Int+2}
   (You bought it in a shop on level 1 of the Snake Pit)

   Str:       It affects your strength (+3).
   Int:       It affects your intelligence (+2).
Jewellery
 e - a ring of flight
 j - a +4 ring of evasion
 o - a ring of poison resistance (right hand)
 A - a +6 ring of strength (left hand)
 D - the amulet of Fit Xuus (around neck) {rF+ rC+ Regen+ Stlth-}
   (You found it on level 3 of the Lair of Beasts)

   [amulet of regeneration]

   rF:        It protects you from fire.
   rC:        It protects you from cold.
   Regen:     It increases your rate of health regeneration.
   Stlth:     It makes you less stealthy.
 F - an amulet of guardian spirit
Wands
 k - a wand of polymorph (2)
 l - a wand of roots (8)
 x - a wand of flame (11)
 C - a wand of charming (3)
 J - a wand of mindburst (8)
Scrolls
 d - a scroll of fear
 f - 4 scrolls of identify
 g - 12 scrolls of teleportation
 h - 2 scrolls of silence
 i - 3 scrolls of enchant weapon
 p - a scroll of blinking
 u - 2 scrolls of enchant armour
 v - a scroll of brand weapon
 w - a scroll of amnesia
 B - a scroll of butterflies
 G - a scroll of magic mapping
Potions
 m - 4 potions of resistance
 q - 5 potions of curing
 s - 2 potions of brilliance
 t - 3 potions of cancellation
 z - a potion of haste
 E - a potion of might
Miscellaneous
 H - a lightning rod (4/4)


   Skills:
 + Level 11.2 Fighting
 * Level 16.2 Axes
 + Level 10.3 Armour
 + Level 7.3 Dodging
 + Level 10.3 Shields
 * Level 15.5 Invocations
 + Level 8.4 Evocations


You had 13 spell levels left.
You didn't know any spells.
Your spell library contained the following spells:

 Spells                   Type           Power      Damage    Failure   Level
 Beastly Appendage        Tmut           0%         N/A       97%         1
 Magic Dart               Conj           0%         1d3       97%         1
 Blink                    Tloc           0%         N/A       99%         2
 Call Imp                 Summ           0%         N/A       99%         2
 Momentum Strike          Conj/Tloc      0%         3d8       99%         2
 Wereblood                Tmut           0%         N/A       99%         2
 Call Canine Familiar     Summ           0%         N/A       100%        3
 Lesser Beckoning         Tloc           0%         N/A       100%        3
 Mephitic Cloud           Conj/Pois/Air  0%         N/A       100%        3
 Ozocubu's Armour         Ice            0%         N/A       100%        3
 Portal Projectile        Hex/Tloc       0%         N/A       100%        3
 Spider Form              Tmut/Pois      0%         N/A       100%        3
 Leda's Liquefaction      Hex/Erth       0%         N/A       100%        4
 Summon Ice Beast         Ice/Summ       0%         N/A       100%        4
 Summon Mana Viper        Hex/Summ       0%         N/A       100%        5
 Monstrous Menagerie      Summ           0%         N/A       100%        7
 Ozocubu's Refrigeration  Ice            0%         4d7       100%        7


Dungeon Overview and Level Annotations

Branches:
Dungeon (11/15)            Temple (0/1) D:6            Lair (5/5) D:9
 Shoals (0/4) Lair:3        Snake (1/4) Lair:2        Slime (0/5) Lair:4
    Orc: D:9-12

Altars:
Dithmenos
Nemelex Xobeh
Yredelemnul
Lugonu

Shops:
D:10 !!   D:11 =   Snake:1 **(?

Annotations:
Abyss:1 Sonja


Innate Abilities, Weirdness & Mutations

Your flesh is very heat resistant. (rF++)
You are frail. (-10% HP)


Message History

The shock serpent completely misses you.
You slash the shock serpent!
The shock serpent looks as sick as possible!
The shock serpent is almost dead.
You slash the shock serpent!
The shock serpent looks as sick as possible!
The shock serpent's electric aura discharges, shocking you! x2
You kill the shock serpent!
Lugonu accepts your kill.
The shock serpent bites you but does no damage.
You slash the shock serpent!
The shock serpent looks as sick as possible!
The shock serpent is severely wounded.
The shock serpent's electric aura discharges, shocking you!
You block the shock serpent's attack.
You are too injured to fight recklessly!
You are too injured to fight recklessly!
You are too injured to fight recklessly!
Unknown command.
You hit the shock serpent.
The shock serpent is severely wounded.
The shock serpent shoots out a bolt of lightning at you!
The bolt of electricity hits you!!
* * * LOW HITPOINT WARNING * * *
The bolt of electricity hits you!!
* * * LOW HITPOINT WARNING * * *
Okay, then.
Press: ? - help, Shift-Dir - straight line, f - shock serpent
Aim: a shock serpent (severely wounded, extremely poisoned, chance to affect: 77%)
Okay, then.
Aiming: Mindburst
Press: ? - help, Shift-Dir - straight line, f - shock serpent
Aim: a shock serpent (severely wounded, extremely poisoned, chance to affect: 76%)
The shock serpent's mind is blasted!
The shock serpent's electric aura discharges, shocking you!
* * * LOW HITPOINT WARNING * * *
The shock serpent bites you.
* * * LOW HITPOINT WARNING * * *
The shock serpent shocks you!
You die...

#####...#.)..P##
#######[####
####)##.##
#.##.....##
##..##.....#
#...#......#
##.........##
##.........##
#@.........# #
#.S........## ##
....##.....##
##.
....####>....#
###.. .....#
.....## ##...#
..... .....##
###...## ....
..####.....#
.... #.....<..#
.............#


You could see a shock serpent (extremely poisoned).

Vanquished Creatures
  An anaconda (Snake:1)
  A catoblepas (Lair:3)
  2 two-headed ogres
  4 death yaks (Lair:5)
  A naga warrior (Snake:1)
  2 shock serpents (Snake:1)
  A goliath frog (Lair:5)
  A naga ritualist (Snake:1)
  A cyclops (shapeshifter) (D:10)
  4 mana vipers (Snake:1)
  13 elephants
  A manticore (D:11)
  A merfolk siren (Lair:3)
  7 black mambas
  2 unseen horrors (D:11)
  4 rime drakes
  2 kobold demonologists
  15 cane toads
  4 komodo dragons
  4 tyrant leeches (Lair:5)
  4 trolls
  Grinder (D:3)
  2 polar bears (Lair:5)
  Prince Ribbit (D:7)
  A slime creature (D:11)
  22 blink frogs
  2 shadows
  6 basilisks
  A wraith (D:10)
  11 wyverns
  70 yaks
  Eustachio (D:4)
  Grum (D:9)
  2 steam dragons
  8 vampire mosquitoes
  4 nagas (Snake:1)
  14 water moccasins
  4 black bears
  4 ice beasts
  2 ogres
  12 wolves
  4 phantoms
  11 centaurs
  6 kobold brigands (D:9)
  A gnoll sergeant (D:9)
  20 bullfrogs
  2 scorpions
  A necrophage (D:6)
  4 wights (D:8)
  3 killer bees (D:8)
  An electric eel (D:6)
  8 howler monkeys
  2 hounds
  6 orc priests
  4 jellies
  Crazy Yiuf (D:3)
  A gnoll bouda (D:6)
  Ijyb (D:3)
  Jessica (D:3)
  Natasha (thrice) (D:3)
  3 iguanas
  9 orc wizards
  10 hell rats
  9 adders
  29 gnolls
  A shadow imp (D:8)
  6 worms (D:2)
  5 dart slugs
  45 orcs
  7 endoplasms
  3 giant cockroaches
  6 goblins
  10 hobgoblins
  14 jackals
  12 kobolds
  3 quokkas
  2 ball pythons (D:3)
  4 bats
  A frilled lizard (D:3)
  9 rats
  A bush (Lair:5)
513 creatures vanquished.

Vanquished Creatures (others)
  46 fungi
  121 plants
167 creatures vanquished.

Grand Total: 680 creatures vanquished

Notes
Turn   | Place    | Note
-------+----------+-------------------------------------------
     0 | D:1      | qeuew the Hill Orc Fighter began the quest for the Orb.
     0 | D:1      | Reached XP level 1. HP: 19/19 MP: 1/1
   178 | D:1      | Reached skill level 3 in Axes
   183 | D:1      | Reached XP level 2. HP: 23/27 MP: 2/2
   857 | D:1      | Reached XP level 3. HP: 30/33 MP: 3/3
  1013 | D:2      | Identified the +6 spear "Gosyas" {vorpal, Str-4 Int+3}
  1176 | D:2      | Reached skill level 1 in Dodging
  1176 | D:2      | Reached XP level 4. HP: 18/40 MP: 4/4
  1177 | D:2      | Reached skill level 4 in Axes
  1433 | D:2      | Found a faded altar of an unknown god.
  1436 | D:2      | Prayed at the altar of an unknown god.
  1436 | D:2      | Became a worshipper of Lugonu the Unformed
  1436 | D:2      | Reached * piety under Lugonu
  1436 | D:2      | Reached ** piety under Lugonu
  1705 | D:2      | Found a shadowy altar of Dithmenos.
  2080 | D:3      | Noticed Natasha
  2090 | D:3      | Killed Natasha
  2091 | D:3      | Reached XP level 5. HP: 33/46 MP: 5/5
  2143 | D:3      | Reached skill level 1 in Invocations
  2152 | D:3      | Found a shadowy altar of Dithmenos.
  2154 | D:3      | Noticed Natasha
  2162 | D:3      | Killed Natasha
  2307 | D:3      | Noticed Jessica
  2315 | D:3      | Killed Jessica
  2316 | D:3      | Reached skill level 5 in Axes
  2316 | D:3      | Reached XP level 6. HP: 40/53 MP: 7/7
  2388 | D:3      | Found a runed translucent door.
  2389 | D:3      | Noticed Crazy Yiuf
  2443 | D:3      | Noticed Natasha
  2451 | D:3      | Killed Natasha
  2809 | D:3      | Noticed Ijyb
  2815 | D:3      | Killed Ijyb
  3064 | D:3      | Noticed Grinder
  3065 | D:3      | Paralysed by Grinder for 3 turns
  3083 | D:3      | Killed Grinder
  3084 | D:3      | Reached XP level 7. HP: 29/60 MP: 9/9
  3282 | D:3      | Killed Crazy Yiuf
  3598 | D:4      | Reached skill level 1 in Evocations
  3602 | D:4      | Reached skill level 6 in Axes
  3724 | D:4      | Identified the +0 pair of gloves "Geahidow" {rC+ Str-5
                  | Int+4}
  3740 | D:4      | Reached *** piety under Lugonu
  3745 | D:4      | Reached skill level 5 in Fighting
  4127 | D:4      | Reached XP level 8. HP: 60/68 MP: 11/11
  4357 | D:4      | Reached **** piety under Lugonu
  4432 | D:4      | Noticed Eustachio
  4439 | D:4      | Killed Eustachio
  4440 | D:4      | Reached skill level 7 in Axes
  4440 | D:4      | Reached skill level 5 in Invocations
  4572 | D:4      | Reached skill level 5 in Armour
  4712 | D:4      | Reached skill level 5 in Shields
  4870 | D:5      | Entered Level 5 of the Dungeon
  5742 | D:5      | Reached XP level 9. HP: 74/75 MP: 13/13
  6198 | D:6      | Reached skill level 8 in Axes
  6793 | D:6      | Found a staircase to the Ecumenical Temple.
  7308 | D:7      | Reached skill level 9 in Axes
  7308 | D:7      | Noticed Prince Ribbit
  7342 | D:7      | Killed Prince Ribbit
  7692 | D:7      | Reached XP level 10. HP: 67/84 MP: 14/16
  7692 | D:7      | Reached ***** piety under Lugonu
  7996 | D:7      | HP: 2/84 [yak (12)]
  8428 | D:8      | Found a basalt altar of Yredelemnul.
  8757 | D:8      | Reached skill level 10 in Axes
  9012 | D:8      | Found a sparkling altar of Nemelex Xobeh.
  9103 | D:9      | Noticed a kobold demonologist
  9107 | D:9      | Killed a kobold demonologist
  9313 | D:9      | Noticed Grum
  9341 | D:9      | Killed Grum
  9819 | D:9      | Reached XP level 11. HP: 61/93 MP: 18/18
 10066 | D:9      | Noticed a two-headed ogre
 10079 | D:9      | Killed a two-headed ogre
 10080 | D:9      | Reached skill level 11 in Axes
 10080 | D:9      | Reached skill level 10 in Invocations
 10184 | D:9      | Identified a scroll of acquirement
 10198 | D:9      | Found a staircase to the Lair.
 10242 | D:9      | Reached skill level 5 in Evocations
 10510 | D:9      | Acquired the +5 chain mail of Lops {rF+ rC- rN++ Slay+2}
 10857 | D:9      | Gained mutation: You occasionally lose the ability to drink
                  | potions when taking damage. [potion of mutation]
 10857 | D:9      | Gained mutation: You are resistant to electric shocks.
                  | (rElec) [potion of mutation]
 10857 | D:9      | Gained mutation: Armour fits poorly on your strangely
                  | shaped body. [potion of mutation]
 10857 | D:9      | Gained mutation: You are agile. (Dex +4, Str/Int -1)
                  | [potion of mutation]
 10874 | D:10     | Entered Level 10 of the Dungeon
 11140 | D:10     | Found Luisiw's Distillery.
 11244 | D:10     | a guardian serpent changed into a cyclops
 11244 | D:10     | Noticed a cyclops (shapeshifter)
 11250 | D:10     | Killed a cyclops
 11604 | D:10     | Found Betop's Distillery.
 11610 | D:10     | Bought a potion of mutation for 128 gold pieces
 11610 | D:10     | Lost mutation: You occasionally lose the ability to drink
                  | potions when taking damage. [potion of mutation]
 11610 | D:10     | Lost mutation: You are agile. (Dex +4, Str/Int -1) [potion
                  | of mutation]
 11610 | D:10     | Gained mutation: You are strong-willed. (Will+) [potion of
                  | mutation]
 12173 | D:11     | Noticed a manticore
 12176 | D:11     | Noticed a two-headed ogre
 12180 | D:11     | Found Koath's Jewellery Shoppe.
 12188 | D:11     | Reached skill level 5 in Dodging
 12349 | D:11     | HP: 2/95 [troll (10)]
 12356 | D:11     | Reached skill level 12 in Axes
 12592 | D:11     | Killed a two-headed ogre
 12593 | D:11     | Reached XP level 12. HP: 75/103 MP: 20/20
 12995 | Lair:1   | Entered Level 1 of the Lair of Beasts
 13586 | Lair:1   | Reached skill level 13 in Axes
 14261 | Lair:2   | Found a staircase to the Snake Pit.
 15065 | Lair:2   | Reached XP level 13. HP: 111/111 MP: 22/22
 15456 | Lair:2   | Reached ****** piety under Lugonu
 15934 | Lair:3   | Identified the amulet of Fit Xuus {rF+ rC+ Regen+ Stlth-}
 15955 | Lair:3   | Reached skill level 14 in Axes
 16510 | Lair:3   | Reached skill level 10 in Fighting
 16548 | Lair:3   | Found a staircase to the Shoals.
 17536 | Lair:4   | Found a staircase to the Slime Pits.
 17965 | Lair:5   | Entered Level 5 of the Lair of Beasts
 17979 | Lair:5   | Lost mutation: You are strong-willed. (Will+) [potion of
                  | mutation]
 17979 | Lair:5   | Lost mutation: Armour fits poorly on your strangely shaped
                  | body. [potion of mutation]
 17979 | Lair:5   | Lost mutation: You are resistant to electric shocks.
                  | (rElec) [potion of mutation]
 17979 | Lair:5   | Gained mutation: You are frail. (-10% HP) [potion of
                  | mutation]
 17979 | Lair:5   | Gained mutation: Your flesh is heat resistant. (rF+)
                  | [potion of mutation]
 17979 | Lair:5   | Gained mutation: Your flesh is very heat resistant. (rF++)
                  | [potion of mutation]
 18084 | Lair:5   | Reached skill level 15 in Axes
 18088 | Lair:5   | Reached XP level 14. HP: 63/109 MP: 24/24
 18153 | Lair:5   | Identified the +5 shortbow of Focus {flame, Int+4}
 18153 | Lair:5   | Noticed Sonja
 18156 | Lair:5   | Banished Sonja
 18662 | Lair:5   | Reached skill level 10 in Shields
 18713 | Lair:5   | Reached skill level 10 in Armour
 18842 | Lair:5   | Reached skill level 15 in Invocations
 19562 | Snake:1  | Entered Level 1 of the Snake Pit
 19594 | Snake:1  | Found Dabrogaxt's Antique Weapon Emporium.
 19597 | Snake:1  | Found Filuho's Magic Scroll Emporium.
 19597 | Snake:1  | Found Soma's Assorted Antiques.
 19611 | Snake:1  | Reached skill level 16 in Axes
 19722 | Snake:1  | Found Dijes's General Store.
 19727 | Snake:1  | Bought a scroll of blinking for 135 gold pieces
 19730 | Snake:1  | Bought a scroll of teleportation for 48 gold pieces
 19733 | Snake:1  | Bought a bloodstained plate armour for 896 gold pieces
 19733 | Snake:1  | Identified the +8 plate armour of Wucaar {Str+3 Int+2} (You
                  | bought it in a shop on level 1 of the Snake Pit)
 19778 | Snake:1  | Identified the +8 dagger of the Crafting Stork {speed,
                  | Str+4 Int+6}
 19936 | Snake:1  | HP: 2/111 [shock serpent/electric aura (7)]
 19936 | Snake:1  | Mangled by a shock serpent

Illustrated notes

Levels and vault maps discovered:
D:1:      sevenhm_arrival_forest_fort_small_5, layout_loops_corners
D:2:      layout_basic, basic_altar, chequers_ecumenical_altar_grove,
          minmay_fractal_squares_5
D:3:      layout_basic, nicolae_dithmenos_shadow_blocks,
          uniq_crazy_yiuf_cottage, uniq_ijyb, uniq_jessica, uniq_grinder,
          uniq_natasha
D:4:      lemuel_castle_with_subvaults [lemuel_castle_interior_carwin_1],
          layout_rooms, nicolae_overflow_hidden_temple,
          kennysheep_generic_room_15, uniq_eustachio
D:5:      layout_layer_cave, minmay_misc_feat_x, dreamdust_mushroom_princess,
          roderic_serpentine_path, minmay_misc_feat_alley
D:6:      layout_cave_pools, minmay_temple_entry_antechambers,
          grunt_ministairs_2, chequers_big_river
D:7:      layout_cave_pools, kb_lookout_dungeons_type, uniq_prince_ribbit1
D:8:      layout_gridville, nemelex_diamond_rough_becter, general_overflow_altar
D:9:      layout_roguey, lair_entry_dummy, uniq_grum
D:10:     layout_rooms, serial_shops, nicolae_shop_waterfront, shop,
          nicolae_wwwww
D:11:     cheibrodos_ideogram_h, layout_cave_pools,
          minmay_shop_enchanted_jewellery
Lair:1:   layout_regular_city, grunt_megastairs_2
Lair:2:   nzn_winding_woodlands_small [nzn_winding_woodlands_5x15_sidewinder,
          nzn_winding_woodlands_center_diamonds,
          nzn_winding_woodlands_5x15_parted], layout_layer_cave,
          minmay_snake_entry_six_corridors
Lair:3:   layout_long_grid, minmay_shoals_entry_lonely_mermaid,
          patterned_corridor
Lair:4:   layout_gridlike, slime_entry_1
Lair:5:   minmay_lair_end_frog_pond, layout_regular_city, uniq_sonja
Snake:1:  layout_layer_cave, serial_shops, shop_statue, shop,
          nicolae_take_the_stairs, serial_bayou_pond_c, minmay_shoptagon

Skill      XL: |  1  2  3  4  5  6  7  8  9 10 11 12 13 14 |
---------------+-------------------------------------------+-----
Axes           | 3 4 5 6 7 9 10 12 13 15 16 | 16.2
Fighting       | 4 5 6 7 8 9 10 11 | 11.2
Dodging        | 1 2 3 4 5 6 7 |  7.3
Invocations    | 2 3 4 6 8 9 11 12 14 15 | 15.5
Armour         | 4 5 6 7 8 9 10 | 10.3
Shields        | 4 5 6 7 8 9 10 | 10.3
Evocations     | 1 2 3 4 5 6 7 8 |  8.4

Action                   |  1- 3 |  4- 6 |  7- 9 | 10-12 | 13-15 || total
-------------------------+-------+-------+-------+-------+-------++-------
Melee: War axe           |    91 |   109 |   450 |   576 |   757 ||  1983
Throw: Throwing net      |       |       |       |       |     1 ||     1
Invok: Banish            |       |       |       |     1 |    10 ||    11
Evoke: Wand              |       |       |     5 |    11 |     4 ||    20
  Use: Scroll            |     3 |     1 |    14 |    10 |     1 ||    29
       Potion            |     1 |       |     8 |    12 |     2 ||    23
 Stab: Invisible         |       |       |       |       |     3 ||     3
Armor: Scale mail        |    56 |    36 |   143 |    67 |       ||   302
       Chain mail        |       |       |       |   182 |   228 ||   410
       Plate armour      |       |       |       |       |    29 ||    29
Dodge: Dodged            |    50 |    55 |   299 |   473 |   345 ||  1222
Block: Buckler           |    30 |    23 |   105 |   185 |   186 ||   529

Table legend: (Time is in decaauts)
 A = Elapsed time spent in this place.
 B = Non-inter-level travel time spent in this place.
 C = Inter-level travel time spent in this place.
 D = Time resting spent in this place.
 E = Time spent auto-exploring this place.
 F = Levels seen in this place.
 G = Mean time per level.
                   A        B        C        D        E       F      G
               +--------+--------+--------+--------+--------+-----+--------+
         Total |  19936 |  19371 |    565 |    308 |  15765 |  17 | 1172.7 |
       Dungeon |  13159 |  12795 |    364 |    308 |  10462 |  11 | 1196.3 |
          Lair |   6428 |   6229 |    199 |      0 |   5087 |   5 | 1285.6 |
     Snake Pit |    348 |    348 |      0 |      0 |    215 |   1 |  348.0 |
               +--------+--------+--------+--------+--------+-----+--------+

Top non-repeatable levels by time:
     D:9: 1851 daAuts
  Lair:2: 1624 daAuts
     D:3: 1449 daAuts
  Lair:5: 1437 daAuts
     D:4: 1411 daAuts
    D:10: 1345 daAuts
  Lair:3: 1294 daAuts
     D:5: 1247 daAuts
  Lair:1: 1164 daAuts
     D:6: 1125 daAuts
     D:2: 1093 daAuts
     D:7: 1038 daAuts
     D:1: 1030 daAuts
  Lair:4: 906 daAuts
     D:8: 843 daAuts
